 Dungeon Crawl Stone Soup version 0.19.5 (webtiles) character file.

55 tof the Skirmisher (level 3, -2/33 HPs)
             Began as a Minotaur Monk on Mar 1, 2017.
             Shot with a sling bullet by a goblin (8 damage)
             ... led by Robin
             ... on level 2 of the Dungeon.
             The game lasted 00:02:10 (1422 turns).

tof the Skirmisher (Minotaur Monk)                  Turns: 1422, Time: 00:02:10

Health: -2/33      AC:  4    Str: 15    XL:     3   Next: 67%
Magic:  2/2        EV: 13    Int:  7    God:
Gold:   56         SH:  0    Dex: 13    Spells: 0 memorised, 2 levels left

rFire  . . .     SeeInvis .     a - +0 spear
rCold  . . .     Gourm    .     l - +0 leather armour
rNeg   . . .     Faith    .     (no shield)
rPois  .         Spirit   .     (helmet restricted)
rElec  .         Reflect  .     e - +0 cloak
rCorr  .         Harm     .     (no gloves)
MR     .....                    (no boots)
Stlth  ++........               (no amulet)
                                (no ring)
                                (no ring)

@: slowed, very slow
A: retaliatory headbutt, horns 2
a: no special abilities


You were on level 2 of the Dungeon.
You were hungry.

You visited 1 branch of the dungeon, and saw 2 of its levels.

You collected 56 gold pieces.

Inventory:

Hand Weapons
 a - a +0 spear (weapon)
Missiles
 j - 75 stones (quivered)
Armour
 b - a +0 robe
 e - a +0 cloak (worn)
 l - a +0 leather armour (worn)
Scrolls
 f - a scroll of recharging {unknown}
 i - a scroll of identify {unknown}
 k - a scroll of remove curse {unknown}
Potions
 d - a potion of magic {unknown}
 h - 2 potions of invisibility {unknown}
Comestibles
 c - a bread ration
 g - a beef jerky


   Skills:
 + Level 4.2 Fighting
 + Level 4.1 Polearms
 + Level 0.5 Armour
 + Level 4.2 Dodging
 + Level 1.7 Stealth


You had 2 spell levels left.
You didn't know any spells.

Dungeon Overview and Level Annotations

Branches:
Dungeon (2/15)

Altars:
Okawaru

Annotations:
D:2 Natasha, Robin


Innate Abilities, Weirdness & Mutations

You reflexively headbutt those who attack you in melee.
You have a pair of horns on your head.


Message History

Robin shouts!
The hobgoblin shouts!
The goblin shouts!
Robin roars a battlecry!
The goblins go into a battle-frenzy!
Natasha claws you but does no damage.
A rat and a hobgoblin come into view.
Natasha stares at you and mumbles some strange words.
You feel yourself slow down.
Natasha casts a spell.
The goblin wields a hunting sling.
The goblin shoots a stone.
The stone hits you but does no damage.
Natasha stares at you and mumbles some strange words.
You feel as though you will be slow longer.
You see here a stone.
The goblin unwields an uncursed dagger.
The goblin wields a hunting sling.
The goblin shoots a sling bullet.
The sling bullet barely misses you.
The goblin shoots a stone.
The stone hits you.
* * * LOW HITPOINT WARNING * * *
You see here a stone.
The goblin shoots a sling bullet.
The sling bullet hits you!
You die...

####### #.....# ######
#.....# #....# #.....#
#....# #.....# ######
#....# #.....###.....##
#....#######.)...##....$...
#......##...@((g.#........h
#....#..)....##h.#........g
###..##.####.(.#.ggg.g.gg.g
##....# ###.##g....g...$
#..### #..##5.....r.. #...#
##.##......... #### #..#.##
.##......... ..# ##.##..#
...#.....## #.##...###.#
...###[.#


You could see Natasha, a hobgoblin and 3 goblins.

Vanquished Creatures
  2 adders (D:2)
  2 dart slugs (D:1)
  4 leopard geckos
  2 bats (D:1)
  A giant cockroach (D:1)
  4 goblins
  5 hobgoblins
  A kobold (D:1)
  3 frilled lizards
  4 rats
28 creatures vanquished.

Notes
Turn   | Place    | Note
-------+----------+-------------------------------------------
     0 | D:1      | tof the Minotaur Monk began the quest for the Orb.
     0 | D:1      | Reached XP level 1. HP: 19/19 MP: 0/0
   231 | D:1      | Reached XP level 2. HP: 27/27 MP: 1/1
   450 | D:1      | Found an iron altar of Okawaru.
   860 | D:1      | Reached XP level 3. HP: 26/33 MP: 2/2
  1378 | D:2      | Noticed Natasha
  1417 | D:2      | Noticed Robin
  1422 | D:2      | Shot with a sling bullet by a goblin

Skill      XL: |  1  2  3 |
---------------+----------+-----
Dodging        | 4 |  4.2
Fighting       | 4 |  4.2
Polearms       | 4 |  4.1
Armour         | |  0.5
Stealth        | |  1.7

Action                   || total
-------------------------++-------
Melee: Spear             ||    99
       Headbutt          ||     7
 Stab: Sleeping          ||     1
  Eat: Chunk             ||     1
Armor: Robe              ||     3
       Leather armour    ||     7
Dodge: Dodged            ||    38
